 Dungeon Crawl Stone Soup version 0.26-a0-651-gb41185065b (webtiles) character file.

Game seed: 9645600677837062275

53 Ozzies the Skirmisher (level 3, -1/24 HPs)
             Began as a Gargoyle Fighter on Oct 14, 2020.
             Killed by divine providence
             ... invoked by an orc priest
              (14 damage)
             ... on level 2 of the Dungeon.
             The game lasted 00:01:08 (1315 turns).

Ozzies the Skirmisher (Gargoyle Fighter)            Turns: 1315, Time: 00:01:08

Health: -1/24      AC: 10    Str: 20    XL:     3   Next: 87%
Magic:  3/3        EV:  7    Int:  8    God:
Gold:   83         SH:  9    Dex:  9    Spells: 2/2 levels left

rFire    . . .     SeeInvis .   a - +0 flail
rCold    . . .     Faith    .   c - +0 kite shield
rNeg     + . .     Spirit   .   b - +0 scale mail
rPois    ∞         Reflect  .   (no helmet)
rElec    +         Harm     .   (no cloak)
rCorr    .         Rampage  .   (no gloves)
MR       .....                  (no boots)
Stlth    ..........             (no amulet)
HPRegen  0.08/turn              (no ring)
MPRegen  0.08/turn              (no ring)

@: no status effects
A: negative energy resistance 1, electricity resistance, unbreathing,
petrification resistance, rot immunity, AC +3
a: no special abilities


You were on level 2 of the Dungeon.
You visited 1 branch of the dungeon, and saw 2 of its levels.

You collected 83 gold pieces.

Inventory:

Hand Weapons
 a - a +0 flail (weapon)
Missiles
 f - 71 stones (quivered)
Armour
 b - a +0 scale mail (worn)
 c - a +0 kite shield (worn)
Scrolls
 e - 2 scrolls of remove curse {unknown}
 g - a scroll of amnesia {unknown}
 n - a scroll of enchant armour {unknown}
Potions
 d - a potion of might {@q3 !q}
 h - a potion of stabbing {unknown}
 i - a potion of brilliance {unknown}
 j - a potion of curing {unknown}
 k - a potion of magic {unknown}
 l - a potion of cancellation {unknown}
 m - a potion of flight {unknown}


   Skills:
 * Level 4.6 Fighting
 + Level 2.8 Maces & Flails
 - Level 3.2 Armour
 - Level 3.2 Shields


You had 2 spell levels left.
You didn't know any spells.
Your spell library was empty.

Dungeon Overview and Level Annotations

Branches:
Dungeon (2/15)

Altars:


Innate Abilities, Weirdness & Mutations

You are resistant to torment.
Your stone body is resilient. (AC +3)
You are immune to poison.
You resist negative energy. (rN+)
You are resistant to electric shocks. (rElec)
You can survive without breathing.
You are immune to petrification.
You are immune to rotting.


Message History

You see here a +0 hunting sling.
Found a club.
You now have 75 gold pieces (gained 18).
You now have 83 gold pieces (gained 8).
You see here an adder skeleton.
f - 71 stones (gained 22)
You see here a ring mail.
A hobgoblin comes into view.
The hobgoblin shouts!
A hobgoblin is nearby!
A hobgoblin is nearby!
A hobgoblin is nearby!
A bat comes into view.
The bat moves out of view.
You block the hobgoblin's attack.
An orc comes into view. It is wielding a +0 trident.
A worm comes into view.
Found a stone staircase leading down.
The orc shouts!
You sock the hobgoblin!
You kill the hobgoblin!
The bat hits you but does no damage. You block the bat's attack.
The bat hits you but does no damage.
You barely miss the bat. The bat closely misses you.
You block the orc's attack.
An orc wizard comes into view. It is wielding a +0 dagger.
The orc wizard shouts!
You block the bat's attack.
An orc comes into view. It is wielding a +0 short sword.
You barely miss the orc.
The orc shouts!
You hear a shout!
You block the bat's attack. The orc hits you but does no damage.
The orc wizard mumbles some strange words.
The orc wizard blinks!
An orc priest comes into view. It is wielding a +0 hand axe.
You block the orc's attack.
You barely miss the orc. The bat hits you but does no damage.
You block the orc's attack.
You barely miss the orc. The bat hits you but does no damage.
The orc barely misses you. The worm bites you but does no damage.
The orc wizard casts a spell.
The orc wizard blinks!
You sock the orc!
You kill the orc!
The bat hits you but does no damage. The worm bites you but does no damage.
You hit the worm.
The worm is moderately wounded.
The bat hits you. The bat hits you but does no damage.
You block the worm's attack.
You barely miss the worm.
The worm is moderately wounded.
You block the bat's attack.
The orc wizard gestures at you while chanting.
The magic dart hits you.
You hit the worm.
The worm is heavily wounded.
You block the bat's attack. The worm bites you but does no damage.
The orc wizard casts a spell at you. The magic dart hits you!
You hit the worm.
The worm is heavily wounded.
You block the bat's attack. You block the orc's attack.
You block the worm's attack. The orc hits you but does no damage.
You hit the worm.
The worm is severely wounded.
The orc hits you but does no damage. You block the bat's attack.
The worm bites you.
You are too injured to fight recklessly!
You are too injured to fight recklessly!
You are too injured to fight recklessly!
You are too injured to fight recklessly!
You are too injured to fight recklessly!
You are too injured to fight recklessly!
You are too injured to fight recklessly!
You are too injured to fight recklessly!
You are too injured to fight recklessly!
You are too injured to fight recklessly!
You are too injured to fight recklessly!
You are too injured to fight recklessly!
You are too injured to fight recklessly!
You are too injured to fight recklessly!
You are too injured to fight recklessly!
You are too injured to fight recklessly!
You are too injured to fight recklessly!
You are too injured to fight recklessly!
You are too injured to fight recklessly!
You are too injured to fight recklessly!
You are too injured to fight recklessly!
You sock the worm!
You kill the worm!
The bat hits you but does no damage. The orc hits you but does no damage.
You hit the orc priest.
The orc priest is lightly wounded.
You block the orc's attack. You block the bat's attack.
The orc wizard barely misses you.
The orc priest mumbles some strange prayers to Beogh against you.
Beogh smites you!
Ouch! That really hurt!
You die...

##>..# . ..........
....# #... ........#
#...# #... .......>#
#...# #... .......#
#...####...
#.....####......# ..
#............##.###.
#.boo.## #.........
#.o@.>.####.###.....
#........##.# #.....
#.....##..#÷# #.....
#..########...###.....
#... ##....[..........
#...
..........#....... ...
..........##...... ...
........÷.##......
.........÷........


You could see an orc priest, an orc wizard, an orc and a bat.

Vanquished Creatures
  An adder (D:2)
  3 worms (D:2)
  2 dart slugs
  A leopard gecko (D:2)
  An orc (D:2)
  A bat (D:2)
  6 goblins
  5 hobgoblins
  2 ball pythons
  4 frilled lizards
  2 kobolds
  3 rats
31 creatures vanquished.

Notes
Turn   | Place    | Note
-------+----------+-------------------------------------------
     0 | D:1      | Ozzies the Gargoyle Fighter began the quest for the Orb.
     0 | D:1      | Reached XP level 1. HP: 14/14 MP: 1/1
   173 | D:1      | Reached XP level 2. HP: 18/20 MP: 2/2
   680 | D:2      | Reached skill level 4 in Fighting
   710 | D:2      | Reached XP level 3. HP: 24/24 MP: 3/3
  1315 | D:2      | Killed from afar by an orc priest

Illustrated notes

Levels and vault maps discovered:
D:1:      kilobyte_arrival_exit_the_forest, layout_rooms
D:2:      layout_rooms, grunt_ministairs_6

Skill      XL: |  1  2 |
---------------+-------+-----
Fighting       | 4 |  4.6
Maces & Flails | |  2.8
Armour         | |  3.2
Shields        | |  3.2

Action                   || total
-------------------------++-------
Melee: Flail             ||   117
Armor: Scale mail        ||    76
Dodge: Dodged            ||    29
Block: Kite shield       ||    83

Table legend: (Time is in decaauts)
 A = Elapsed time spent in this place.
 B = Non-inter-level travel time spent in this place.
 C = Inter-level travel time spent in this place.
 D = Time resting spent in this place.
 E = Time spent auto-exploring this place.
 F = Levels seen in this place.
 G = Mean time per level.
                   A        B        C        D        E       F      G
               +--------+--------+--------+--------+--------+-----+--------+
         Total |   1368 |   1343 |     25 |    149 |    916 |   2 |  684.0 |
       Dungeon |   1368 |   1343 |     25 |    149 |    916 |   2 |  684.0 |
               +--------+--------+--------+--------+--------+-----+--------+

Top non-repeatable levels by time:
     D:1: 841 daAuts
     D:2: 527 daAuts
